[Event "2nd Asian Nations Team Cup U14 2019"]
[Site "Shenzhen"]
[Date "2019.12.19"]
[Round "1.2"]
[White "Lam, Chun Yung Samuel"]
[Black "Tsogtbayar, Batlut"]
[Result "1-0"]
[ECO "A07"]
[WhiteElo "1288"]
[BlackElo "1404"]
[Annotator "NA RC"]
[PlyCount "67"]
[EventDate "2019.12.19"]
[EventType "team-tourn"]
[EventCountry "CHN"]
[SourceTitle "playchess.com"]
[Source "ChessBase"]
[SourceQuality "1"]
[TimeControl "5400+30"]

1. Nf3 d5 2. g3 Nf6 3. Bg2 g6 4. O-O Bg7 5. d3 O-O 6. Nbd2 Nbd7 7. e4 e5 8. c3 c6 9. Ne1 dxe4 10. dxe4 Re8 11. f4 Nc5 12. Qc2 a5 13. f5 b6 14. b4 Na6 15. bxa5 bxa5 16. Ba3 Nc7 17. h3 Ba6 18. Rf2 Qd7 19. Nb3 Bc4 20. Nc5 Qc8 21. Rb1 Nb5 22. Bc1 Nd6 23. g4 h6 24. g5 hxg5 25. Bxg5 Nd7 26. Nxd7 Qxd7 27. f6 Bf8 28. h4 Nb5 29. Rd1 Qa7 30. Kh2 a4 31. Rf3 Na3 32. Qd2 Qc7 33. Qf2 Nb5 34. h5 1-0

[Event "2nd Asian Nations Team Cup U14 2019"]
[Site "Shenzhen"]
[Date "2019.12.19"]
[Round "1.5"]
[White "Han, Xuqian Ben"]
[Black "Jin Yueheng"]
[Result "0-1"]
[ECO "B15"]
[WhiteElo "1714"]
[BlackElo "1924"]
[Annotator "NA RC"]
[PlyCount "88"]
[EventDate "2019.12.19"]
[EventType "team-tourn"]
[EventCountry "CHN"]
[SourceTitle "playchess.com"]
[Source "ChessBase"]
[SourceQuality "1"]
[TimeControl "5400+30"]

1. e4 c6 2. d4 d5 3. Nd2 dxe4 4. Nxe4 Nf6 5. Nxf6+ exf6 6. Nf3 Bd6 7. Bd3 O-O 8. O-O Re8 9. b3 Nd7 10. Bb2 Nf8 11. Re1 Ng6 12. c4 Bg4 13. Rxe8+ Qxe8 14. h3 Bd7 15. Bxg6 fxg6 16. d5 Rd8 17. Qd2 Qf7 18. Qa5 Ra8 19. Rd1 c5 20. Re1 b6 21. Qc3 g5 22. a3 g4 23. hxg4 Bxg4 24. b4 Qh5 25. bxc5 bxc5 26. Qe3 Kf8 27. Bc3 Rb8 28. Ba5 Rb7 29. Qc3 a6 30. a4 h6 31. Qd3 Kf7 32. Qe3 Kf8 33. Qd3 Kg8 34. Bd2 Rb2 35. Bc3 Bxf3 36. Re8+ Kf7 37. Re7+ Kxe7 38. Bxf6+ Kxf6 39. Qc3+ Be5 40. Qxf3+ Qxf3 41. gxf3 Kg5 42. a5 h5 43. f4+ Kxf4 44. d6 Kf3 0-1

[Event "2nd Asian Nations Team Cup U14 2019"]
[Site "Shenzhen"]
[Date "2019.12.19"]
[Round "1.6"]
[White "Zhang, Di"]
[Black "Kannappan, Thanneermalai"]
[Result "1-0"]
[ECO "A30"]
[WhiteElo "2013"]
[BlackElo "1495"]
[Annotator "NA RC"]
[PlyCount "83"]
[EventDate "2019.12.19"]
[EventType "team-tourn"]
[EventCountry "CHN"]
[SourceTitle "playchess.com"]
[Source "ChessBase"]
[SourceQuality "1"]
[TimeControl "5400+30"]

1. Nf3 Nf6 2. g3 b6 3. Bg2 Bb7 4. O-O e6 5. d4 Be7 6. c4 c5 7. d5 exd5 8. Nh4 O-O 9. cxd5 d6 10. Nc3 Nbd7 11. Nf5 a6 12. a4 Rc8 13. Bf4 Nb8 14. e4 g6 15. Ne3 Nh5 16. Bh6 Re8 17. Nc4 Bf8 18. Bxf8 Kxf8 19. Qb3 Nf6 20. Nxb6 Rc7 21. Nc4 Rce7 22. e5 Ng4 23. Nxd6 Qd7 24. Nxe8 Rxe8 25. e6 Qe7 26. d6 Qxd6 27. Qxb7 Qxe6 28. Rad1 Ne5 29. Rfe1 Nbd7 30. f4 Qf6 31. fxe5 Nxe5 32. Rf1 Qg5 33. Rde1 Re7 34. Qb8+ Kg7 35. Nd5 Re6 36. Nc7 Re7 37. Ne8+ Kh6 38. Nf6 Nf3+ 39. Bxf3 Qxf6 40. Qf8+ Kg5 41. h4+ Kf5 42. Bd1# 1-0

[Event "2nd Asian Nations Team Cup U14 2019"]
[Site "Shenzhen"]
[Date "2019.12.19"]
[Round "1.7"]
[White "Liu, Fung Ming Mathew"]
[Black "Xiao, Tong"]
[Result "0-1"]
[ECO "B99"]
[WhiteElo "1493"]
[BlackElo "1925"]
[Annotator "NA RC"]
[PlyCount "66"]
[EventDate "2019.12.19"]
[EventType "team-tourn"]
[EventCountry "CHN"]
[SourceTitle "playchess.com"]
[Source "ChessBase"]
[SourceQuality "1"]
[TimeControl "5400+30"]

1. e4 c5 2. Nf3 d6 3. d4 cxd4 4. Nxd4 Nf6 5. Nc3 a6 6. Bg5 e6 7. f4 Be7 8. Qf3 h6 9. Bh4 Qc7 10. O-O-O Nbd7 11. g4 b5 12. Bxf6 Nxf6 13. f5 b4 14. Nce2 e5 15. Nb3 Bb7 16. Ng3 d5 17. exd5 Rd8 18. Nh5 Nxd5 19. Bg2 Ne3 20. Rxd8+ Bxd8 21. Qe2 Nxg2 22. Rd1 Bg5+ 23. Kb1 O-O 24. Rg1 Nf4 25. Nxf4 exf4 26. Qf2 Bf6 27. h4 Qe5 28. c4 bxc3 29. bxc3 Be4+ 30. Kc1 Qxc3+ 31. Kd1 Rd8+ 32. Nd2 Bf3+ 33. Ke1 Qc1# 0-1

[Event "2nd Asian Nations Team Cup U14 2019"]
[Site "Shenzhen"]
[Date "2019.12.19"]
[Round "1.8"]
[White "Chen, Yuan"]
[Black "Lee, Gerent Chak Yan"]
[Result "1-0"]
[ECO "C14"]
[WhiteElo "2056"]
[BlackElo "1450"]
[Annotator "NA RC"]
[PlyCount "56"]
[EventDate "2019.12.19"]
[EventType "team-tourn"]
[EventCountry "CHN"]
[SourceTitle "playchess.com"]
[Source "ChessBase"]
[SourceQuality "1"]
[TimeControl "5400+30"]

1. e4 e6 2. d4 d5 3. Nc3 Nf6 4. Bg5 Be7 5. e5 Nfd7 6. Bxe7 Qxe7 7. f4 a6 8. Nf3 c5 9. Qd2 Nc6 10. O-O-O b5 11. dxc5 Nxc5 12. Bd3 b4 13. Ne2 a5 14. Ned4 Nxd4 15. Nxd4 Nxd3+ 16. Qxd3 Ba6 17. Qg3 g6 18. Qe3 O-O 19. g4 Rac8 20. f5 exf5 21. gxf5 Rfe8 22. e6 Rc4 23. Rhg1 Rec8 24. exf7+ Qxf7 25. fxg6 hxg6 26. Rg2 Re8 27. Qh6 Rxd4 28. Rxg6+ Qxg6 1-0

[Event "2nd Asian Nations Team Cup U14 2019"]
[Site "Shenzhen"]
[Date "2019.12.19"]
[Round "1.9"]
[White "Wang, Benchi"]
[Black "Li, Shanglin"]
[Result "0-1"]
[ECO "D79"]
[WhiteElo "1747"]
[BlackElo "2020"]
[Annotator "NA RC"]
[PlyCount "80"]
[EventDate "2019.12.19"]
[EventType "team-tourn"]
[EventCountry "CHN"]
[SourceTitle "playchess.com"]
[Source "ChessBase"]
[SourceQuality "1"]
[TimeControl "5400+30"]

1. d4 Nf6 2. Nf3 g6 3. c4 c6 4. g3 d5 5. cxd5 cxd5 6. Bg2 Bg7 7. O-O O-O 8. Ne5 Bf5 9. Nc3 Ne4 10. Qb3 Nc6 11. Nxc6 bxc6 12. Be3 Nd6 13. Na4 Nc4 14. Qc3 Rc8 15. b3 Nxe3 16. Qxe3 c5 17. Nxc5 e5 18. Rac1 exd4 19. Qd2 Qe7 20. b4 Rfd8 21. a3 h5 22. Nb3 Rc4 23. Na5 Rdc8 24. Nxc4 dxc4 25. Bd5 c3 26. Qd1 Qe5 27. Qb3 Rc7 28. Bc4 Bh6 29. Ra1 h4 30. a4 hxg3 31. hxg3 Bh3 32. Bd3 Be3 33. Kh2 Be6 34. Qc2 Qh5+ 35. Kg1 Qh3 36. Bxg6 Qxg3+ 37. Kh1 Qh3+ 38. Kg1 Qg4+ 39. Kh1 fxg6 40. fxe3 Rh7# 0-1

[Event "2nd Asian Nations Team Cup U14 2019"]
[Site "Shenzhen"]
[Date "2019.12.19"]
[Round "1.10"]
[White "Xue, Haowen"]
[Black "Zhang, Yuanxiao"]
[Result "1-0"]
[ECO "C42"]
[WhiteElo "1909"]
[BlackElo "1545"]
[Annotator "NA RC"]
[PlyCount "139"]
[EventDate "2019.12.19"]
[EventType "team-tourn"]
[EventCountry "CHN"]
[SourceTitle "playchess.com"]
[Source "ChessBase"]
[SourceQuality "1"]
[TimeControl "5400+30"]

1. e4 e5 2. Nf3 Nf6 3. Nxe5 d6 4. Nf3 Nxe4 5. d4 d5 6. Bd3 Bf5 7. O-O Bd6 8. c4 c6 9. Qc2 O-O 10. Nc3 Re8 11. Re1 Bb4 12. Bf4 Bxc3 13. bxc3 Bg6 14. Rab1 b6 15. Ne5 Nf6 16. Nxg6 hxg6 17. cxd5 Nxd5 18. Bd2 Nd7 19. Rxe8+ Qxe8 20. Re1 Qf8 21. Be4 N7f6 22. Bf3 Re8 23. Rxe8 Qxe8 24. c4 Nf4 25. Be3 Ne6 26. g3 Qd7 27. Qd2 Kh7 28. Kg2 Kg8 29. h4 Nc7 30. a4 Qe6 31. Bf4 Qd7 32. g4 Ne6 33. Be3 c5 34. g5 Ne8 35. d5 Nd8 36. Qd1 Nd6 37. Bg4 Qe8 38. Bf4 N8b7 39. Qc2 Kf8 40. h5 gxh5 41. Bxh5 Qe4+ 42. Qxe4 Nxe4 43. Bb8 Nc3 44. Bxa7 Nxa4 45. Bd1 Nc3 46. Bg4 b5 47. Bc8 Nd6 48. Bxc5 Ke7 49. cxb5 Ncxb5 50. Bb7 Nc3 51. f4 Ncb5 52. Bc6 Kd8 53. Kf3 Kc7 54. Ke3 f6 55. Kd3 fxg5 56. fxg5 g6 57. Bxb5 Nxb5 58. Kc4 Nd6+ 59. Bxd6+ Kxd6 60. Kd4 Kd7 61. Ke5 Ke7 62. d6+ Kf7 63. Kd5 Ke8 64. Ke6 Kf8 65. d7 Kg7 66. d8=Q Kh7 67. Qf6 Kg8 68. Qxg6+ Kh8 69. Qh5+ Kg8 70. g6 1-0

[Event "2nd Asian Nations Team Cup U14 2019"]
[Site "Shenzhen"]
[Date "2019.12.19"]
[Round "1.11"]
[White "Liu, David J"]
[Black "Wang, Xiaozhi"]
[Result "1/2-1/2"]
[ECO "A34"]
[WhiteElo "1897"]
[BlackElo "1872"]
[Annotator "NA RC"]
[PlyCount "106"]
[EventDate "2019.12.19"]
[EventType "team-tourn"]
[EventCountry "CHN"]
[SourceTitle "playchess.com"]
[Source "ChessBase"]
[SourceQuality "1"]
[TimeControl "5400+30"]

1. c4 Nf6 2. Nc3 g6 3. g3 c5 4. Bg2 Bg7 5. Nf3 d5 6. cxd5 Nxd5 7. Qa4+ Nc6 8. Nxd5 Qxd5 9. Nh4 Qd6 10. d3 O-O 11. Bf4 e5 12. Be3 Nd4 13. Nf3 Bd7 14. Qd1 Rac8 15. O-O Nxf3+ 16. Bxf3 Bc6 17. Bxc6 Rxc6 18. Rc1 Rfc8 19. Qb3 b6 20. Qa4 R6c7 21. Rc4 Rb8 22. Qc2 Rd7 23. Qb3 Qd5 24. Bxc5 Re8 25. Be3 h5 26. Rb4 Qd6 27. Ra4 Bf6 28. Qa3 Qxa3 29. Rxa3 e4 30. Rb3 exd3 31. exd3 Red8 32. Rd1 Rd5 33. Kf1 R8d7 34. Ke2 b5 35. Rc1 a5 36. Rc5 a4 37. Rbxb5 Rxd3 38. Rc8+ Kg7 39. Ra8 a3 40. Rxa3 Rd1 41. Ra7 Rxa7 42. Bxa7 Rb1 43. a4 Ra1 44. a5 g5 45. Bb8 Ra2 46. Kd3 Bxb2 47. Rxb2 Rxa5 48. Kc4 Kg6 49. f4 f6 50. fxg5 fxg5 51. Rb6+ Kh7 52. Rb5 Ra2 53. Rxg5 Rxh2 1/2-1/2

[Event "2nd Asian Nations Team Cup U14 2019"]
[Site "Shenzhen"]
[Date "2019.12.19"]
[Round "1.15"]
[White "Meng, Yihan"]
[Black "Atakhan, Abtin"]
[Result "1-0"]
[ECO "B22"]
[WhiteElo "1787"]
[BlackElo "2307"]
[Annotator "RC"]
[PlyCount "109"]
[EventDate "2019.12.19"]
[EventType "team-tourn"]
[EventCountry "CHN"]
[SourceTitle "playchess.com"]
[Source "ChessBase"]
[SourceQuality "1"]
[TimeControl "5400+30"]

1. e4 c5 2. Nf3 Nc6 3. c3 Nf6 4. e5 Nd5 5. Bc4 Nb6 6. Bb3 c4 7. Bc2 d6 8. exd6 e5 9. O-O Bxd6 10. d3 cxd3 11. Bxd3 h6 12. Nbd2 Be6 13. Ne4 Be7 14. Ng3 Qc7 15. Qc2 g6 16. a4 f5 17. Bb5 Nd7 18. Re1 e4 19. Bxc6 bxc6 20. Nd4 Bf7 21. f3 Bh4 22. Qf2 Nf6 23. fxe4 Nxe4 24. Ndxf5 O-O-O 25. Rxe4 Rd1+ 26. Re1 Rxe1+ 27. Qxe1 gxf5 28. Qf2 Be6 29. Bf4 Qd7 30. Qe2 Bd5 31. Qe5 Qd8 32. Qb8+ Kd7 33. Qb7+ Ke6 34. Re1+ Be4 35. Qxc6+ Kf7 36. Qc4+ Bd5 37. Qd4 Bxg3 38. hxg3 Be4 39. Qxa7+ Kg6 40. Qa6+ Kf7 41. Qc4+ Kf6 42. Qc5 Re8 43. a5 Qa8 44. b4 Rd8 45. Qb6+ Kf7 46. Qc7+ Kg6 47. Be5 Qd5 48. c4 Qd2 49. Qg7+ Kh5 50. Qf7+ Kg4 51. Rxe4+ fxe4 52. Qe6+ Kh5 53. Qf5+ Qg5 54. g4+ Kh4 55. Bf6 1-0

[Event "2nd Asian Nations Team Cup U14 2019"]
[Site "Shenzhen"]
[Date "2019.12.19"]
[Round "1.16"]
[White "Ebrahimi Herab, Hamidreza"]
[Black "Wang, Yuehan"]
[Result "0-1"]
[ECO "E27"]
[WhiteElo "2053"]
[BlackElo "1724"]
[Annotator "NA RC"]
[PlyCount "130"]
[EventDate "2019.12.19"]
[EventType "team-tourn"]
[EventCountry "CHN"]
[SourceTitle "playchess.com"]
[Source "ChessBase"]
[SourceQuality "1"]
[TimeControl "5400+30"]

1. d4 Nf6 2. c4 e6 3. Nc3 Bb4 4. f3 d5 5. a3 Bxc3+ 6. bxc3 O-O 7. cxd5 exd5 8. e3 Bf5 9. Ne2 Re8 10. g4 Bg6 11. h4 h6 12. Nf4 Qd6 13. Kf2 Nbd7 14. Nxg6 fxg6 15. Bd3 Nf8 16. Qc2 N6d7 17. Qb3 c5 18. Bb1 cxd4 19. cxd4 Kh8 20. Ba2 Rac8 21. e4 Nb6 22. e5 Qd7 23. a4 Ne6 24. Be3 Nc4 25. Qb5 Qd8 26. Rac1 a6 27. Qb1 Nxe3 28. Kxe3 Rxc1 29. Qxc1 Qd7 30. Qc2 Qf7 31. Qh2 Qf8 32. Rb1 Qa3+ 33. Bb3 Rc8 34. Qd2 Qf8 35. Kf2 Qd8 36. Kg3 Qd7 37. Qd3 Rf8 38. Qxg6 Nxd4 39. Bd1 Qc7 40. Qh5 Qc3 41. g5 Qe1+ 42. Kg2 Nxf3 43. Bxf3 Qxb1 44. e6 Qc2+ 45. Kg1 Qc1+ 46. Kg2 Qd2+ 47. Kf1 Qe3 48. Kg2 Qxe6 49. gxh6 gxh6 50. Kh2 Qd6+ 51. Kg2 Rg8+ 52. Kf2 Qc5+ 53. Kf1 Rg1+ 54. Ke2 Qc4+ 55. Kf2 Qc5+ 56. Ke2 Qc2+ 57. Ke3 Re1+ 58. Kf4 Qc7+ 59. Kg4 Rg1+ 60. Kf5 Qd7+ 61. Ke5 Re1+ 62. Kd4 Qxa4+ 63. Kc5 Qc6+ 64. Kb4 Qc4+ 65. Ka3 Qc3+ 0-1

[Event "2nd Asian Nations Team Cup U14 2019"]
[Site "Shenzhen"]
[Date "2019.12.19"]
[Round "1.17"]
[White "Yeoh, Yuan Hui"]
[Black "Batbold, Nyamsuren"]
[Result "0-1"]
[ECO "C10"]
[WhiteElo "1738"]
[BlackElo "1963"]
[Annotator "NA RC"]
[PlyCount "48"]
[EventDate "2019.12.19"]
[EventType "team-tourn"]
[EventCountry "CHN"]
[SourceTitle "playchess.com"]
[Source "ChessBase"]
[SourceQuality "1"]
[TimeControl "5400+30"]

1. d4 e6 2. e4 d5 3. Nc3 dxe4 4. Nxe4 Nd7 5. Nf3 Ngf6 6. Nxf6+ Nxf6 7. Bd3 Be7 8. c3 O-O 9. Qc2 h6 10. Be3 b6 11. O-O-O Bb7 12. Ne5 Nd5 13. Be4 Bf6 14. Nf3 Re8 15. Kb1 a5 16. h4 a4 17. g4 a3 18. g5 axb2 19. Bd2 Be7 20. c4 Rxa2 21. cxd5 Qa8 22. Qb3 Ra1+ 23. Kxb2 Ra3 24. Qb5 exd5 0-1

[Event "2nd Asian Nations Team Cup U14 2019"]
[Site "Shenzhen"]
[Date "2019.12.19"]
[Round "1.18"]
[White "Erkhes, Bayartnar"]
[Black "Foo, Jiu Yarng Clarance"]
[Result "1-0"]
[ECO "B51"]
[WhiteElo "1937"]
[BlackElo "1654"]
[Annotator "NA RC"]
[PlyCount "96"]
[EventDate "2019.12.19"]
[EventType "team-tourn"]
[EventCountry "CHN"]
[SourceTitle "playchess.com"]
[Source "ChessBase"]
[SourceQuality "1"]
[TimeControl "5400+30"]

1. e4 c5 2. Nf3 d6 3. Bb5+ Nd7 4. d4 cxd4 5. Qxd4 a6 6. Bxd7+ Bxd7 7. O-O e5 8. Qd3 Nf6 9. Bg5 h6 10. Bxf6 Qxf6 11. Nc3 Be6 12. Nd5 Bxd5 13. Qxd5 Rb8 14. Qb3 Qe6 15. Qa4+ Qd7 16. Qa5 Be7 17. Rfd1 Qc6 18. c3 O-O 19. Qb4 Rfe8 20. Rd5 b5 21. Nd2 Rec8 22. Rd1 Bf8 23. Qb3 Qb6 24. Nf1 Rc4 25. Qc2 Rbc8 26. Ne3 R4c6 27. Qd2 a5 28. a3 b4 29. axb4 axb4 30. cxb4 Rb8 31. b5 Rc5 32. b4 Rxb5 33. Rxb5 Qxb5 34. Nd5 Qc4 35. Qd3 Qc6 36. Rb1 Rb5 37. Nc3 Rb7 38. b5 Qc5 39. Nd5 Be7 40. b6 Bd8 41. Qa6 Qc6 42. Qa8 Qd7 43. h3 Kh7 44. Kh2 f5 45. exf5 Qc6 46. Qxd8 Qxd5 47. f6 gxf6 48. Rc1 Kg7 1-0

[Event "2nd Asian Nations Team Cup U14 2019"]
[Site "Shenzhen"]
[Date "2019.12.19"]
[Round "1.19"]
[White "Lee, Ryan"]
[Black "Angar, Zoljargal"]
[Result "0-1"]
[ECO "D53"]
[WhiteElo "1615"]
[BlackElo "1696"]
[Annotator "NA RC"]
[PlyCount "106"]
[EventDate "2019.12.19"]
[EventType "team-tourn"]
[EventCountry "CHN"]
[SourceTitle "playchess.com"]
[Source "ChessBase"]
[SourceQuality "1"]
[TimeControl "5400+30"]

1. d4 d5 2. c4 c6 3. Nc3 Nf6 4. Nf3 e6 5. Bg5 Nbd7 6. e3 Be7 7. Bd3 dxc4 8. Bxc4 b5 9. Bd3 a6 10. Ne5 Bb7 11. O-O c5 12. Nxd7 Nxd7 13. Bxe7 Qxe7 14. Be4 Bxe4 15. Nxe4 O-O 16. dxc5 Nxc5 17. Qc2 Na4 18. Rac1 h6 19. b3 Nb6 20. Qc5 Qxc5 21. Rxc5 Rfd8 22. Rc6 Nd5 23. a3 b4 24. a4 Rdc8 25. Rfc1 Nc3 26. Rxc8+ Rxc8 27. Kf1 e5 28. Nxc3 bxc3 29. Ke2 e4 30. Kd1 Rd8+ 31. Kc2 Rd2+ 32. Kxc3 Rxf2 33. Rc2 Rf1 34. Kd4 f5 35. Kc5 Rd1 36. b4 g5 37. Rf2 f4 38. exf4 e3 39. Re2 gxf4 40. b5 axb5 41. axb5 Rd2 42. Re1 Rxg2 43. b6 Rb2 44. Kc6 Kf7 45. b7 Kf6 46. Kc7 Ke5 47. b8=Q Rxb8 48. Kxb8 Ke4 49. Kc7 f3 50. Kd6 f2 51. Ra1 e2 52. Ra4+ Kf3 53. Ra3+ Kg2 0-1

[Event "2nd Asian Nations Team Cup U14 2019"]
[Site "Shenzhen"]
[Date "2019.12.19"]
[Round "1.20"]
[White "Ulziikhishig Khishigbat"]
[Black "Foo, Jing Er Claire"]
[Result "1-0"]
[ECO "D26"]
[WhiteElo "1525"]
[BlackElo "1546"]
[Annotator "NA RC"]
[PlyCount "129"]
[EventDate "2019.12.19"]
[EventType "team-tourn"]
[EventCountry "CHN"]
[SourceTitle "playchess.com"]
[Source "ChessBase"]
[SourceQuality "1"]
[TimeControl "5400+30"]

1. d4 d5 2. c4 e6 3. Nc3 Nf6 4. Nf3 a6 5. e3 dxc4 6. Bxc4 b5 7. Bb3 Bb7 8. O-O Be7 9. Re1 O-O 10. Bc2 c5 11. e4 Nc6 12. e5 Nd5 13. Nxd5 Qxd5 14. Be4 Qd7 15. dxc5 Qxd1 16. Rxd1 Bxc5 17. Bd2 Nd8 18. Bc2 Bd5 19. Bb3 Bxf3 20. gxf3 Nb7 21. f4 Rfd8 22. Bc2 g6 23. Rac1 Bd4 24. Be4 Rab8 25. Bxb7 Rxb7 26. Ba5 Rd5 27. Rc8+ Kg7 28. Rd2 Rc5 29. Ra8 Rc1+ 30. Kg2 Ba7 31. Bb4 Bc5 32. Bxc5 Rxc5 33. Rxa6 Rc4 34. Kg3 Rbc7 35. Rb6 b4 36. f3 h5 37. h4 Rc1 38. Rxb4 Ra1 39. a4 Rcc1 40. b3 Rc3 41. Kg2 Rb1 42. a5 Rbxb3 43. Rxb3 Rxb3 44. Ra2 Rb7 45. a6 Ra7 46. Kf2 f6 47. Ke3 fxe5 48. fxe5 Kh6 49. f4 Kg7 50. Kd4 Kf7 51. Kc5 g5 52. fxg5 Kg6 53. Kb6 Ra8 54. a7 Kh7 55. Kb7 Rg8 56. a8=Q Rg7+ 57. Kc6 Rg6 58. Ra7+ Rg7 59. Rxg7+ Kxg7 60. Kd7 Kf7 61. Qe8+ Kg7 62. Ke7 Kh7 63. Qxh5+ Kg8 64. g6 Kg7 65. Qh7# 1-0

[Event "2nd Asian Nations Team Cup U14 2019"]
[Site "Shenzhen"]
[Date "2019.12.20"]
[Round "2.1"]
[White "Yin, Richard"]
[Black "Erkhes, Bayartnar"]
[Result "1/2-1/2"]
[ECO "C54"]
[WhiteElo "1427"]
[BlackElo "1937"]
[Annotator "NA RC"]
[PlyCount "124"]
[EventDate "2019.12.19"]
[EventType "team-tourn"]
[EventCountry "CHN"]
[SourceTitle "playchess.com"]
[Source "ChessBase"]
[SourceQuality "1"]
[TimeControl "5400+30"]

1. e4 e5 2. Nf3 Nc6 3. Bc4 Bc5 4. c3 Nf6 5. d4 exd4 6. cxd4 Bb4+ 7. Bd2 Bxd2+ 8. Nbxd2 d5 9. exd5 Nxd5 10. Qb3 Nce7 11. O-O O-O 12. Rfe1 c6 13. a4 h6 14. Re2 Nb6 15. Rae1 Nxc4 16. Qxc4 Nd5 17. Re5 Be6 18. Qe2 Qb6 19. Nf1 Bg4 20. Re4 f5 21. Re5 Bxf3 22. Qxf3 Qxb2 23. Qd3 Qb6 24. Rb1 Qc7 25. Rxf5 Rxf5 26. Qxf5 Rf8 27. Qc2 Kh8 28. Ne3 Nxe3 29. fxe3 Re8 30. Re1 Qa5 31. Re2 Qb4 32. h3 Qa3 33. Qc5 Qxa4 34. Rf2 Qb5 35. Qxb5 cxb5 36. Rf7 Rxe3 37. Rxb7 a6 38. Rb6 Rd3 39. Rxa6 Rxd4 40. Rb6 Rb4 41. Kh2 Rb2 42. h4 b4 43. h5 b3 44. Rb5 Kg8 45. Rb7 Rb1 46. Kg3 b2 47. Kg4 Kf8 48. g3 Kg8 49. Rb8+ Kf7 50. Rb7+ Kf6 51. Rb6+ Ke5 52. Rb5+ Ke4 53. Rb7 Ke3 54. Rb3+ Kd4 55. Rb7 Kd3 56. Rd7+ Ke3 57. Rb7 Kf2 58. Rf7+ Ke3 59. Re7+ Kd4 60. Rb7 Ke5 61. Rb5+ Kf6 62. Rb6+ Kf7 1/2-1/2

[Event "2nd Asian Nations Team Cup U14 2019"]
[Site "Shenzhen"]
[Date "2019.12.20"]
[Round "2.2"]
[White "Temuujin, Kherlen"]
[Black "Lam, Chun Yung Samuel"]
[Result "1-0"]
[ECO "A13"]
[WhiteElo "1711"]
[BlackElo "1288"]
[Annotator "NA RC"]
[PlyCount "51"]
[EventDate "2019.12.19"]
[EventType "team-tourn"]
[EventCountry "CHN"]
[SourceTitle "playchess.com"]
[Source "ChessBase"]
[SourceQuality "1"]
[TimeControl "5400+30"]

1. c4 e6 2. Nf3 d5 3. g3 d4 4. d3 c5 5. Bg2 Nf6 6. O-O Bd6 7. e4 e5 8. h3 O-O 9. Ne1 a6 10. f4 b5 11. b3 Qb6 12. fxe5 Bxe5 13. Bf4 Nc6 14. Nf3 Bc7 15. Nbd2 Qb8 16. e5 Nd7 17. Ng5 Bb7 18. e6 Bxf4 19. exf7+ Kh8 20. Rxf4 Nde5 21. Nxh7 Rxf7 22. Ng5 Rxf4 23. gxf4 Nd7 24. Qh5+ Kg8 25. Bd5+ Kf8 26. Qf7# 1-0

[Event "2nd Asian Nations Team Cup U14 2019"]
[Site "Shenzhen"]
[Date "2019.12.20"]
[Round "2.3"]
[White "Li, Yucheng Robinson"]
[Black "Angar, Zoljargal"]
[Result "1/2-1/2"]
[ECO "B52"]
[WhiteElo "1185"]
[BlackElo "1696"]
[Annotator "NA RC"]
[PlyCount "86"]
[EventDate "2019.12.19"]
[EventType "team-tourn"]
[EventCountry "CHN"]
[SourceTitle "playchess.com"]
[Source "ChessBase"]
[SourceQuality "1"]
[TimeControl "5400+30"]

1. e4 c5 2. Nf3 d6 3. Nc3 Nf6 4. Bb5+ Bd7 5. Bxd7+ Qxd7 6. d3 g6 7. O-O Bg7 8. Bf4 O-O 9. Qd2 Nc6 10. Bh6 a6 11. Bxg7 Kxg7 12. a4 d5 13. exd5 Nxd5 14. Ne4 b6 15. Nc3 Nd4 16. Nxd4 cxd4 17. Nxd5 Qxd5 18. Qb4 e6 19. Rfe1 Rfc8 20. Rac1 Rc6 21. Re2 Rac8 22. h3 h5 23. Qa3 Rc5 24. Qb4 b5 25. a5 e5 26. Qe1 Qd6 27. b4 Rc3 28. Rxe5 Rxc2 29. Rxc2 Rxc2 30. f4 Qc6 31. Qg3 Rc1+ 32. Kh2 Rf1 33. Re1 Rxe1 34. Qxe1 Qd6 35. Qe5+ Qxe5 36. fxe5 g5 37. g4 hxg4 38. hxg4 f6 39. exf6+ Kxf6 40. Kg3 Ke6 41. Kf3 Kd5 42. Kg3 Kd6 43. Kf3 Ke5 {[%emt 0:00:00] Ke4+} 1/2-1/2

[Event "2nd Asian Nations Team Cup U14 2019"]
[Site "Shenzhen"]
[Date "2019.12.20"]
[Round "2.4"]
[White "Ulziikhishig Khishigbat"]
[Black "Huang, Yuen Tung"]
[Result "1-0"]
[ECO "E28"]
[WhiteElo "1525"]
[BlackElo "1293"]
[Annotator "NA RC"]
[PlyCount "103"]
[EventDate "2019.12.19"]
[EventType "team-tourn"]
[EventCountry "CHN"]
[SourceTitle "playchess.com"]
[Source "ChessBase"]
[SourceQuality "1"]
[TimeControl "5400+30"]

1. d4 Nf6 2. c4 e6 3. Nc3 Bb4 4. e3 O-O 5. Bd3 c5 6. Nge2 b6 7. a3 Bxc3+ 8. bxc3 Bb7 9. O-O d6 10. f3 Nbd7 11. e4 h6 12. Ng3 Re8 13. f4 Rc8 14. e5 dxe5 15. fxe5 Nh7 16. Bxh7+ Kxh7 17. Rxf7 Re7 18. Rf1 Qe8 19. Bf4 Kh8 20. d5 exd5 21. Nf5 Re6 22. Nd6 Rxd6 23. exd6 dxc4 24. Qd2 Qg6 25. Rae1 Bc6 26. Re3 Nf6 27. Rg3 Qh7 28. Be5 Nh5 29. Rg4 Bd7 30. Rh4 Qg6 31. Qe2 Nf6 32. Bxf6 gxf6 33. Qe7 Bc6 34. Qxf6+ Qxf6 35. Rxf6 h5 36. Rxh5+ Kg7 37. Re6 Kf7 38. Re7+ Kg6 39. Rhe5 Rd8 40. g4 Kf6 41. h4 Rxd6 42. g5+ Kg6 43. R7e6+ Rxe6 44. Rxe6+ Kh7 45. Rxc6 Kg7 46. h5 Kh7 47. Rc7+ Kg8 48. g6 Kf8 49. h6 Ke8 50. g7 Kd8 51. Rxa7 Ke8 52. g8=Q# 1-0

[Event "2nd Asian Nations Team Cup U14 2019"]
[Site "Shenzhen"]
[Date "2019.12.20"]
[Round "2.5"]
[White "Daneshvar, Bardiya"]
[Black "Yeoh, Yuan Hui"]
[Result "1-0"]
[ECO "D94"]
[WhiteElo "2330"]
[BlackElo "1738"]
[Annotator "RC"]
[PlyCount "51"]
[EventDate "2019.12.19"]
[EventType "team-tourn"]
[EventCountry "CHN"]
[SourceTitle "playchess.com"]
[Source "ChessBase"]
[SourceQuality "1"]
[TimeControl "5400+30"]

1. Nf3 Nf6 2. c4 c6 3. Nc3 d5 4. e3 g6 5. d4 Bg7 6. Be2 O-O 7. O-O Bg4 8. cxd5 cxd5 9. Qb3 b6 10. h3 Bxf3 11. Bxf3 e6 12. Be2 Nc6 13. Qa4 Qd6 14. b3 Qc7 15. Ba3 Rfd8 16. Rac1 a6 17. Nxd5 Rxd5 18. Qxc6 Qxc6 19. Rxc6 Ra5 20. Bb4 Rxa2 21. Bf3 a5 22. Bd6 Nd7 23. Rc7 Rd8 24. Be7 Re8 25. Rxd7 Rb2 26. Bd1 1-0

[Event "2nd Asian Nations Team Cup U14 2019"]
[Site "Shenzhen"]
[Date "2019.12.20"]
[Round "2.7"]
[White "Ebrahimi Herab, Hamidreza"]
[Black "Lee, Ryan"]
[Result "1-0"]
[ECO "D35"]
[WhiteElo "2053"]
[BlackElo "1615"]
[Annotator "NA RC"]
[PlyCount "69"]
[EventDate "2019.12.19"]
[EventType "team-tourn"]
[EventCountry "CHN"]
[SourceTitle "playchess.com"]
[Source "ChessBase"]
[SourceQuality "1"]
[TimeControl "5400+30"]

1. d4 d5 2. c4 e6 3. Nc3 Nf6 4. cxd5 exd5 5. Bg5 Be7 6. e3 O-O 7. Bd3 h6 8. Bh4 b6 9. Nge2 Bb7 10. f3 c5 11. Qc2 Nc6 12. a3 Re8 13. O-O c4 14. Bf5 a6 15. Rad1 g5 16. Bf2 b5 17. e4 b4 18. axb4 Nxb4 19. Qd2 Bc8 20. Bxc8 Rxc8 21. e5 Nh5 22. g4 Ng7 23. Be3 f5 24. f4 Rf8 25. Ng3 Qd7 26. fxg5 hxg5 27. Bxg5 fxg4 28. Bf6 Bxf6 29. exf6 Ne6 30. Qh6 Qf7 31. Rf5 Rc7 32. Re1 Nc2 33. Rxe6 Qxe6 34. Rg5+ Kf7 35. Qg6# 1-0